mrgnz, chaotic female orcish Wizard -- --- .- |. |.. .| |.... --..-.| --...^....I.| |.........<.| --......II|.| --....... .| ......... .| -..".... - ......... -........ ......... -....... ---..... --...- ---- mrgnz the Conjurer Experience level: 3 Strength: 8 Dexterity: 16 Constitution: 14 Intelligence: 16 Wisdom: 11 Charisma: 9 Health: 0(22) Energy: 2(2) Def: 1 Gold: 200 Moves: 2372 Dungeon seed: HXYPk22tTFguqcoz Game ID: mrgnz_1548430528 Your Inventory: Coins $ - 200 gold pieces Weapons a - a blessed burnt +1 quarterstaff (weapon in hands) y - 5 +0 darts Armor e - an uncursed +0 cloak of magic resistance (being worn) Scrolls i - an uncursed scroll of taming j - an uncursed scroll of create monster k - an uncursed scroll of earth Spellbooks l - a blessed spellbook of force bolt m - an uncursed spellbook of create monster w - an uncursed spellbook of remove curse Rings c - an uncursed ring of free action (on left hand) d - an uncursed ring of teleportation s - a cursed ring of hunger Wands b - a wand of cold (0:4) Tools n - a magic marker (0:73) B - an uncursed lock pick C - 5 uncursed wax candles (0:400) Spells and supernatural/magical abilities: Name Level Category Fail Memory a - force bolt 1 attack 0% 89% r - remove curse 3 clerical 99% 95% O - create monster 2 clerical 67% 89% W - pray for help -- divine ? -- Your skills at the end: Fighting Skills Weapon Skills quarterstaff [Basic] Spellcasting Skills attack spells [Basic] enchantment spells [Basic] Final Attributes: You were piously aligned. You were poison resistant. You were magic-protected. You were blinded. You had infravision. You had free action. You were unlucky. Anhur was angry with you. You are dead. Vanquished creatures: a gnome king a gnome lord a gnomish wizard a little dog a kitten 2 dwarves 2 orc zombies a dwarf zombie a gas spore a hobbit a giant rat a yellow mold a green mold a red mold 7 gnomes 4 jackals 2 foxes a kobold 2 goblins a sewer rat a grid bug 2 bats 6 lichens a kobold zombie 6 newts 49 creatures vanquished. Voluntary challenges: You had been an atheist until turn 2001. You used a wielded weapon 33 times, starting on turn 24. You read items or engraved 19 times, starting on turn 6. You never genocided any monsters. You never polymorphed an object. You never changed form. You used no wishes. You never split a pudding. You wrote Elbereth's name 1 time, starting on turn 1507. You never violated your personal moral code. Dungeon overview: The Dungeons of Doom: levels 1 to 2 Level 1 a long staircase Level 2 a fountain stairs to The Gnomish Mines The Gnomish Mines: levels 3 to 4 Level 3 stairs to The Dungeons of Doom Level 4 <- You were here History has recorded: On T:1 you entered the Dungeons of Doom to retrieve the Amulet of Yendor! On T:813 you advanced to experience level 2. On T:855 you reached level 2 of The Dungeons of Doom. On T:1504 you reached level 1 of The Gnomish Mines. On T:1505 you advanced to experience level 3. On T:1513 you advanced to experience level 4. On T:2004 you reached level 2 of The Gnomish Mines. Score breakdown: Gold: 200 ( 7834 points) Experience: 3 levels ( 7878 points) Exploration: 4 levels ( 8.51%) ( 7661 points) Discoveries: 5 items ( 1.81%) ( 4037 points) Valuables value: (no points given unless you survive) Artifact value: 0 ( 0 points) Variety of kills: 25 monsters ( 6.56%) ( 7684 points) Turncount: 2372 turns ( -252 points) Survival: died (score multiplied by 80%) Total score: 27873 Latest messages: You sense a monster nearby! You don't have enough energy to cast that spell. You attack thin air. Wait! There's something there you can't see! You try to feel what is lying here on the floor. You feel here a runed dagger. Use the 'moveonly' command to move into a remembered wall. You try to feel what is lying here on the floor. You feel here 3 arrows. You try to feel what is lying here on the floor. There are several objects here. You hear some noises. You hear some noises in the distance. Use the 'moveonly' command to move into a remembered wall. (5x) There is nothing here to pick up. The munchies are interfering with your motor capabilities. It hits! Everything feels SO boring now. It hits! (3x) You die... Final status: Goodbye mrgnz the Wizard, killed by a gnome... You died in The Gnomish Mines on dungeon level 4 with 27873 points, and 200 pieces of gold, after 2372 moves. You were level 3 with a maximum of 22 hit points when you died.